 Dungeon Crawl Stone Soup version 0.32-a0-485-g70f7560b1c (webtiles) character file.

Game seed: 16460773081419653086

1760 horus123 the Firebug (level 8, 0/63 HPs)
             Began as a Mountain Dwarf Cinder Acolyte on Feb 27, 2024.
             Was an Initiate of Vehumet.
             Slain by a sky beast (6 damage)
             ... on level 7 of the Dungeon.
             The game lasted 00:13:14 (6185 turns).

horus123 the Firebug (MDCA)                         Turns: 6185, Time: 00:13:14

Health: 0/63       AC:  7    Str: 18    XL:     8   Next: 79%
Magic:  14/14      EV: 11    Int: 16    God:    Vehumet [......]
Gold:   317        SH:  0    Dex:  5    Spells: 10/15 levels left

rFire   . . .        B - +0 executioner's axe
rCold   + + .        (shield currently unavailable)
rNeg    . . .        t - +3 leather armour {rC+}
rPois   .            (no helmet)
rElec   .            y - +0 cloak
rCorr   .            (no gloves)
SInv    .            (no boots)
Will    +....        s - amulet of regeneration
Stlth   +            H - ring of willpower
HPRegen 1.10/turn    i - ring of protection from cold
MPRegen 0.14/turn

%: no passive effects
@: fire susceptible
A: runic magic, artefact enchanting
a: Renounce Religion


You were on level 7 of the Dungeon.
You worshipped Vehumet.
Vehumet was noncommittal.
You visited 2 branches of the dungeon, and saw 8 of its levels.

You collected 317 gold pieces.

Inventory:

Hand Weapons
 a - a -1 hand axe of flaming
 r - the +8 storm bow {elec, penet}
   (You found it on level 4 of the Dungeon)
 z - the +1 hammer of Autumn {vamp, rPois rCorr Dex+2}
   (You found it on level 5 of the Dungeon)

   Dex+2:     It affects your dexterity (+2).
   rPois:     It protects you from poison rCorr: It protects you from acid and
   corrosion.
 B - a +0 executioner's axe (weapon)
 F - the +4 rapier "Jorphoso" {speed, *Corrode rElec rF+ rC+ Will+}
   (You found it on level 6 of the Dungeon)

   rF+:       It protects you from fire.
   rC+:       It protects you from cold.
   rElec:     It insulates you from electricity.
   Will+:     It increases your willpower.
   *Corrode:  It may corrode you when you take damage.
Armour
 b - a +0 robe
 h - a +0 leather armour
 t - a +3 leather armour of cold resistance (worn)
 y - a +0 cloak (worn)
Jewellery
 e - a ring of poison resistance
 i - a ring of protection from cold (right hand)
 n - a ring of fire
 s - an amulet of regeneration (around neck)
 w - a ring of protection from fire
 H - a ring of willpower (left hand)
Wands
 q - a wand of roots (10)
 v - a wand of paralysis (9)
Scrolls
 c - 6 scrolls of identify {unknown}
 d - 3 scrolls of butterflies {unknown}
 g - 2 scrolls of teleportation {unknown}
 j - 2 scrolls of enchant armour {unknown}
 m - a scroll of immolation {unknown}
 o - a scroll of vulnerability {unknown}
 x - a scroll of fog {unknown}
 C - a scroll of enchant weapon {unknown}
 G - a scroll of revelation {unknown}
 I - a scroll of amnesia {unknown}
Potions
 f - 2 potions of haste {unknown}
 k - 2 potions of lignification {unknown}
 l - 3 potions of invisibility {unknown}
 p - 2 potions of magic {unknown}
 u - a potion of ambrosia {unknown}
 A - a potion of heal wounds {unknown}
 D - a potion of might {unknown}
 E - a potion of degeneration {unknown}


   Skills:
 - Level 3.2 Fighting
 + Level 5.4(6.2) Axes
 - Level 4.7(5.9) Maces & Flails
 - Level 6.1 Ranged Weapons
 - Level 4.0 Spellcasting
 - Level 6.5 Fire Magic


You had 10 spell levels left.
You knew the following spells:

 Your Spells              Type           Power      Damage    Failure   Level
a - Scorch                Fire           48%        2d7       1%          2
b - Hailstorm             Conj/Ice       3%         3d5       45%         3

Your spell library contained the following spells:

 Spells                   Type           Power      Damage    Failure   Level
 Apportation              Tloc           6%         N/A       17%         1
 Freeze                   Ice            12%        1d3       17%         1
 Jinxbite                 Hex            6%         N/A       26%         2
 Frozen Ramparts          Ice            6%         1d1       45%         3
 Alistair's Intoxication  Alch           2%         N/A       99%         5


Dungeon Overview and Level Annotations

Branches:
Dungeon (7/15)             Temple (1/1) D:7

Altars:
Ashenzari
Cheibriados
Dithmenos
Elyvilon
Gozag
Hepliaklqana
Kikubaaqudgha
Makhleb
Nemelex Xobeh
Okawaru
Qazlal
Ru
Sif Muna
Trog
Uskayaw
Vehumet
Wu Jian
Xom
Yredelemnul
Zin
The Shining One

Shops:
D:1 :


Innate Abilities, Weirdness & Mutations

Your spellcasting is much less encumbered by armour.
You can use scrolls of enchantment on lesser artefacts.


Message History

The sky beast hits you. The sky beast shocks you.
You closely miss the sky beast.
The sky beast hits you but does no damage.
The sky beast barely misses you.
You barely miss the sky beast. The sky beast closely misses you.
You barely miss the sky beast.
The sky beast flickers out of sight!
Deactivating autopickup; reactivate with Ctrl-A.
Something hits you but does no damage. Something hits you.
Something shocks you.
You miss something.
Something hits you but does no damage. x2
You miss something. Something hits you. Something shocks you.
* * * LOW HITPOINT WARNING * * *
You miss something.
A sky beast appears from thin air!
Reactivating autopickup.
The sky beast hits you.
* * * LOW HITPOINT WARNING * * *
The sky beast shocks you.
* * * LOW HITPOINT WARNING * * *
The sky beast hits you but does no damage.
You barely miss the sky beast.
The sky beast hits you but does no damage.
You closely miss the sky beast. The sky beast barely misses you.
The sky beast flickers out of sight!
Deactivating autopickup; reactivate with Ctrl-A.
Something hits you but does no damage.
You miss something. Something hits you but does no damage. Something hits you.
* * * LOW HITPOINT WARNING * * *
Something shocks you.
* * * LOW HITPOINT WARNING * * *
You miss something. Something hits you but does no damage.
You miss something. Something hits you.
* * * LOW HITPOINT WARNING * * *
Something shocks you.
* * * LOW HITPOINT WARNING * * *
Something completely misses you.
You miss something. Something hits you but does no damage.
You closely miss something. Something hits you.
* * * LOW HITPOINT WARNING * * *
Something shocks you.
You die...

#.##.ß #........ #.#.## #######
#........ #.#.# ......#
#........ #.#.# #####.# ..
+........ ###.#'## ..# #.# #.#
#........##....... ..# #.# #.#
#.......##........ ..# #.# #.#
#{†....##......... ..# #.# #.#
#@######.......... ..# #.# #.#
#........)........ ..###'###.#
###########'#'#'## ..#.......#
#.#.#.# ..#.......# #.#.#.#
..#......## ##.#.#.# ..'......#
#..#.#.#
###......################..#.#.#
###..............##......#.#.##


There were no monsters in sight!

Vanquished Creatures
  A steam dragon (D:5)
  Duvessa (D:5)
  A black bear (D:4)
  2 centaurs (D:6)
  A phantom (D:5)
  A kobold brigand (D:5)
  2 scorpions (D:4)
  Dowan (D:5)
  3 jellies (D:5)
  3 hounds
  Crazy Yiuf (D:5)
  7 orc priests
  2 sleepcaps
  6 iguanas
  Ijyb (D:5)
  3 orc wizards
  5 adders
  2 shadow imps
  3 white imps
  2 ribbon worms (D:4)
  33 orcs
  9 ball pythons
  4 bats
  9 endoplasms
  5 giant cockroaches
  8 hobgoblins
  6 jackals (D:2)
  10 kobolds
  10 quokkas
  3 frilled lizards
  13 goblins
  5 rats
163 creatures vanquished.

Vanquished Creatures (others)
  33 foxfires
33 creatures vanquished.

Grand Total: 196 creatures vanquished

Notes
Turn   | Place    | Note
-------+----------+-------------------------------------------
     0 | D:1      | horus123 the Mountain Dwarf Cinder Acolyte began the quest
                  | for the Orb.
     0 | D:1      | Reached XP level 1. HP: 19/19 MP: 2/2
    80 | D:1      | Reached XP level 2. HP: 21/26 MP: 4/4
   330 | D:1      | Found a faded altar of an unknown god.
   455 | D:1      | Found Hylirch's Book Boutique.
   470 | D:1      | Learned a level 2 spell: Scorch
   562 | D:1      | Reached XP level 3. HP: 31/31 MP: 6/6
  1512 | D:2      | Reached XP level 4. HP: 37/38 MP: 8/8
  1608 | D:2      | You fall into a shaft and drop 1 floor!
  2359 | D:3      | Reached XP level 5. HP: 8/45 MP: 3/11
  2792 | D:4      | Found the +8 storm bow {elec, penet}
  2797 | D:4      | Reached skill level 5 in Fire Magic
  2799 | D:4      | Noticed a black bear
  2908 | D:4      | Killed a black bear
  2909 | D:4      | Reached XP level 6. HP: 44/51 MP: 12/12
  3160 | D:4      | Reached skill level 1 in Ranged Weapons
  3467 | D:4      | Reached XP level 7. HP: 57/57 MP: 13/13
  4123 | D:5      | Entered Level 5 of the Dungeon
  4171 | D:5      | Noticed Ijyb
  4175 | D:5      | Killed Ijyb
  4349 | D:5      | Noticed Dowan
  4350 | D:5      | Noticed Duvessa
  4354 | D:5      | Killed Duvessa
  4356 | D:5      | Killed Dowan
  4398 | D:5      | Reached skill level 5 in Ranged Weapons
  4471 | D:5      | Noticed a steam dragon
  4477 | D:5      | Killed a steam dragon
  4478 | D:5      | Reached XP level 8. HP: 63/63 MP: 14/14
  4758 | D:5      | Found a runed translucent door.
  4759 | D:5      | Noticed Crazy Yiuf
  4765 | D:5      | Killed Crazy Yiuf
  4776 | D:5      | Identified the +1 hammer of Autumn {vamp, rPois rCorr
                  | Dex+2}
  4853 | D:6      | Reached skill level 1 in Maces & Flails
  5133 | D:6      | Identified the +4 rapier "Jorphoso" {speed, *Corrode rElec
                  | rF+ rC+ Will+}
  5235 | D:6      | Found a hide-covered altar of Uskayaw.
  5244 | D:6      | Found a broken altar of Ashenzari.
  5887 | D:7      | Learned a level 3 spell: Hailstorm
  6012 | D:7      | Reached skill level 5 in Axes
  6047 | D:7      | Found a staircase to the Ecumenical Temple.
  6063 | Temple   | Entered the Ecumenical Temple
  6122 | Temple   | Fell from the grace of Ignis
  6122 | Temple   | Became a worshipper of Vehumet
  6185 | D:7      | Slain by a sky beast

Illustrated notes

Levels and vault maps discovered:
D:1:      dpeg_arrival_tiny_g, layout_loops_ring, serial_shops, shop,
          hellmonk_ecumenical_altar_leap_of_faith
D:2:      layout_basic, nicolae_houndstooth_variations
D:3:      layout_basic, nicolae_concentric_dashed_squares_wild
D:4:      layout_layer_cave, minmay_checkerbox
D:5:      layout_basic, uniq_duvessa, uniq_crazy_yiuf_cottage, uniq_ijyb
D:6:      layout_basic, amethyst_overflow_temple_binary
D:7:      layout_basic, minmay_temple_entry_statues_pillars,
          serial_library_hellmonk_angled_corner, abandoned_shop,
          nicolae_shop_clearance
Temple:   compressed_dpeg_triangle_lava_temple

Skill      XL: |  1  2  3  4  5  6  7  8 |
---------------+-------------------------+-----
Spellcasting   | 2 3 4 |  4.0
Fire Magic     | 4 6 |  6.5
Ranged Weapons | 2 5 6 |  6.1
Maces & Flails | 4 |  4.7
Axes           | 5 |  5.4
Fighting       | |  3.2

Action                     |  1- 3 |  4- 6 |  7- 9 || total
---------------------------+-------+-------+-------++-------
  Melee: Hand axe          |   144 |    99 |       ||   243
         Executioner's axe |       |       |   131 ||   131
   Fire: Longbow           |       |    19 |   107 ||   126
   Cast: Scorch            |       |    14 |     1 ||    15
 Invoke: Foxfire Swarm     |       |     3 |       ||     3
         Fiery Armour      |       |     2 |       ||     2
         Rising Flame      |       |     1 |       ||     1
 Armour: Robe              |    82 |       |       ||    82
         Leather armour    |     1 |    42 |   212 ||   255
         Ring mail         |       |    54 |     8 ||    62
  Dodge: Dodged            |    86 |    63 |   139 ||   288

Table legend: (Time is in decaauts)
 A = Elapsed time spent in this place.
 B = Non-inter-level travel time spent in this place.
 C = Inter-level travel time spent in this place.
 D = Time resting spent in this place.
 E = Time spent auto-exploring this place.
 F = Levels seen in this place.
 G = Mean time per level.
                   A        B        C        D        E       F      G
               +--------+--------+--------+--------+--------+-----+--------+
         Total |   6358 |   6246 |    112 |    300 |   4557 |   8 |  794.8 |
       Dungeon |   6287 |   6175 |    112 |    300 |   4557 |   7 |  898.1 |
        Temple |     71 |     71 |      0 |      0 |      0 |   1 |   71.0 |
               +--------+--------+--------+--------+--------+-----+--------+

Top non-repeatable levels by time:
     D:4: 1304 daAuts
     D:3: 1091 daAuts
     D:1: 919 daAuts
     D:6: 902 daAuts
     D:2: 856 daAuts
     D:5: 707 daAuts
     D:7: 505 daAuts
  Temple: 71 daAuts
